 Dungeon Crawl Stone Soup version 0.23-a0-143-g1adec7b (webtiles) character file.

32211 Amnesiac the Quickloader (level 13, 0/106 HPs)
             Began as a Mummy Arcane Marksman on Sept 2, 2018.
             Was a High Priest of Okawaru.
             Slain by a two-headed ogre
             ... wielding a +1 great mace of flaming
              (2 damage)
             ... in a volcano.
             The game lasted 00:37:37 (16700 turns).

Amnesiac the Quickloader (Mummy Arcane Marksman)   Turns: 16700, Time: 00:37:38

Health: 0/106      AC: 20    Str: 17    XL:     13   Next: 30%
Magic:  24/25      EV: 10    Int: 12    God:    Okawaru [*****.]
Gold:   1373       SH:  0    Dex: 14    Spells: 15/28 levels left

rFire    + . .     SeeInvis .   a - +3 triple crossbow (flame)
rCold    . . .     Gourm    .   (shield currently unavailable)
rNeg     + + +     Faith    .   s - +2 chain mail {MR+}
rPois    ∞         Spirit   .   i - +2 helmet
rElec    .         Reflect  .   H - +0 cloak
rCorr    .         Harm     .   I - +2 pair of gloves {archery}
MR       ++...                  q - +0 pair of boots
Stlth    ..........             g - amulet of regeneration
HPRegen  0.67/turn              L - ring of fire
MPRegen  0.19/turn              j - ring of protection from fire

@: heroism
A: no food or potions, fire vulnerability, cold resistance 1, negative energy
resistance 3, torment resistance, unbreathing, in touch with death 1
a: Heroism, Finesse, Renounce Religion


You were in a volcano.
You worshipped Okawaru.
Okawaru was extremely pleased with you.
You were not hungry.

You visited 4 branches of the dungeon, and saw 17 of its levels.
You also visited: Sewer, Ossuary, Ice Cave and Volcano.

You collected 1373 gold pieces.

Inventory:

Hand Weapons
 a - a +3 triple crossbow of flaming (weapon)
 b - the +1 longbow of Impermanence {venom, +Inv rPois MR+ Int-3}
   (You found it on level 5 of the Dungeon)

   It poisons the ammo it fires.
   It affects your intelligence (-3).
   It protects you from poison.
   It affects your resistance to hostile enchantments.
   It lets you turn invisible.
 x - the cursed +1 hand axe "Xoid" {speed, rC- Str+3 Int+2, unknown}
   (You found it on level 3 of the Lair of Beasts)

   Attacks with this weapon are significantly faster.
   It affects your strength (+3).
   It affects your intelligence (+2).
   It makes you vulnerable to cold.
   It has a curse placed upon it.
 K - a +4 demon whip of venom
Missiles
 d - 186 bolts (quivered)
 n - 83 arrows
Armour
 i - a +2 helmet (worn)
 q - a +0 pair of boots (worn)
 s - a +2 chain mail of magic resistance (worn)
 H - a +0 cloak (worn)
 I - a +2 pair of gloves of archery (worn)
 N - the +5 pair of boots of the Heavens {Slay+2, unknown}
   (You found it on level 2 of the Lair of Beasts)

   It affects your accuracy and damage with ranged weapons and melee attacks
   (+2).
Jewellery
 g - an amulet of regeneration (around neck)
 j - a ring of protection from fire (right hand)
 t - an uncursed amulet of guardian spirit
 v - an uncursed amulet of magic regeneration
 B - a +4 ring of evasion
 E - a +3 ring of strength
 F - an uncursed ring of teleportation
 L - a ring of fire (left hand)
Wands
 e - a wand of iceblast (21)
 f - a wand of clouds (7)
 u - a wand of random effects (30)
 z - a wand of polymorph (55)
 C - a wand of flame (39)
 D - a wand of acid (18)
 G - a wand of digging (8)
 M - a wand of disintegration (13)
Scrolls
 c - 4 scrolls of amnesia {!r}
 h - 4 scrolls of noise {!r}
 k - 2 scrolls of magic mapping {!r}
 l - 2 scrolls of fog {!r}
 m - 3 scrolls of teleportation {!r}
 o - 2 scrolls of holy word {!r}
 p - 2 scrolls of immolation {!r}
 r - 5 scrolls of remove curse {!r}
 w - a scroll of fear {!r}
 y - a scroll of enchant armour {!r}
 J - 4 scrolls of identify {!r}


   Skills:
 + Level 11.3(16.3) Fighting
 * Level 13.2(18.2) Crossbows
 - Level 1.5(6.5) Dodging
 - Level 8.0 Spellcasting
 - Level 3.0 Hexes
 + Level 7.9 Invocations
 - Level 4.0 Evocations


You had 15 spell levels left.
You knew the following spells:

 Your Spells              Type           Power        Failure   Level  Hunger
a - Corona                Hex            ##.....      50%         1    N/A
b - Portal Projectile     Hex/Tloc       #.....       97%         3    N/A
c - Cause Fear            Hex            ##........   99%         4    N/A
d - Poisonous Vapours     Pois/Air       #.....       96%         2    N/A
e - Mephitic Cloud        Conj/Pois/Air  #.......     99%         3    N/A

Your spell library contained the following spells:

 Spells                   Type           Power        Failure   Level  Hunger
 Slow                     Hex            ##......     63%         2    N/A
 Magic Dart               Conj           #...         89%         1    N/A
 Sandblast                Erth           #.....       89%         1    N/A
 Sting                    Conj/Pois      #...         89%         1    N/A
 Blink                    Tloc           N/A          96%         2    N/A
 Call Imp                 Summ           #.......     96%         2    N/A
 Passwall                 Tmut/Erth      #.......     96%         2    N/A
 Searing Ray              Conj           #.....       96%         2    N/A
 Dazzling Spray           Conj/Hex       #.....       97%         3    N/A
 Inner Flame              Hex/Fire       ##......     97%         3    N/A
 Conjure Flame            Conj/Fire      #.......     99%         3    N/A
 Stone Arrow              Conj/Erth      #.....       99%         3    N/A
 Force Lance              Conj/Tloc      #.......     100%        4    N/A
 Fulminant Prism          Conj/Hex       #.........   100%        4    N/A
 Iskenderun's Mystic Bla  Conj           #.......     100%        4    N/A
 Leda's Liquefaction      Hex/Erth       #.........   100%        4    N/A
 Olgreb's Toxic Radiance  Pois           #.......     100%        4    N/A
 Petrify                  Tmut/Erth      #.......     100%        4    N/A
 Lee's Rapid Deconstruct  Erth           #.........   100%        5    N/A
 Venom Bolt               Conj/Pois      #.........   100%        5    N/A

Dungeon Overview and Level Annotations

Branches:
Dungeon (11/15)            Temple (1/1) D:6            Lair (3/6) D:11
  Swamp (0/4) Lair:2          Orc (2/2) D:10            Elf (0/3) Orc:2
  Snake: Lair:2-4    Spider: Lair:2-4

Altars:
Ashenzari
Cheibriados
Dithmenos
Elyvilon
Fedhas
Gozag
Hepliaklqana
Kikubaaqudgha
Makhleb
Nemelex Xobeh
Okawaru
Qazlal
Ru
Sif Muna
Trog
Uskayaw
Vehumet
Wu Jian
Xom
Yredelemnul
Zin
The Shining One
Beogh

Annotations:
D:9 1 runed door, exclusions: door and orange crystal statue


Innate Abilities, Weirdness & Mutations

You do not eat or drink.
Your flesh is vulnerable to fire.
You are immune to poison.
Your flesh is cold resistant. (rC+)
You are immune to negative energy. (rN+++)
You are immune to unholy pain and torment.
You can survive without breathing.
You are in touch with the powers of death.


Message History

The two-headed ogre is severely wounded.
The two-headed ogre barely misses you.
The two-headed ogre hits you but does no damage. x2
The two-headed ogre barely misses you.
Firing (i - inventory)
d - 190 bolts (quivered)
Press: ? - help, Shift-Dir - straight line, f/p - two-headed ogre
Aim: a two-headed ogre, wielding a great mace of flaming and a giant club of You shoot a bolt.
The bolt completely misses the two-headed ogre.
The two-headed ogre hits you with a giant club!!
The two-headed ogre hits you with a great mace of flaming. x2
* * * LOW HITPOINT WARNING * * *
The two-headed ogre burns you.
* * * LOW HITPOINT WARNING * * *
The two-headed ogre barely misses you.
The two-headed ogre hits you with a great mace of flaming!
* * * LOW HITPOINT WARNING * * *
The two-headed ogre burns you.
* * * LOW HITPOINT WARNING * * *
The two-headed ogre hits you but does no damage.
The two-headed ogre hits you but does no damage. x2
There is a large open door, spattered with blood here.
You see here a bolt.
You see here a two-headed ogre skeleton.
You gain the combat prowess of a mighty hero.
The two-headed ogre closely misses you.
The two-headed ogre hits you with a great mace of flaming!
* * * LOW HITPOINT WARNING * * *
The two-headed ogre burns you.
* * * LOW HITPOINT WARNING * * *
Firing (i - inventory)
d - 189 bolts (quivered)
Press: ? - help, Shift-Dir - straight line, f/p - two-headed ogre
Aim: a two-headed ogre, wielding a great mace of flaming and a giant club of You shoot a bolt.
The bolt hits the two-headed ogre!!
The bolt burns the two-headed ogre!
The two-headed ogre is severely wounded.
The two-headed ogre barely misses you.
The two-headed ogre hits you but does no damage.
Unknown command.
Firing (i - inventory)
d - 188 bolts (quivered)
Press: ? - help, Shift-Dir - straight line, f/p - two-headed ogre
Aim: a two-headed ogre, wielding a great mace of flaming and a giant club of You shoot a bolt.
The bolt hits the two-headed ogre!!
The bolt burns the two-headed ogre.
You kill the two-headed ogre!
Okawaru is honoured by your kill. The two-headed ogre misses you.
The two-headed ogre hits you with a giant club of flaming!
* * * LOW HITPOINT WARNING * * *
The two-headed ogre burns you.
* * * LOW HITPOINT WARNING * * *
Unknown command.
Firing (i - inventory)
d - 187 bolts (quivered)
Press: ? - help, Shift-Dir - straight line, f/p - two-headed ogre
Aim: a two-headed ogre, wielding a great mace of flaming and a giant club of You shoot a bolt.
The bolt hits the two-headed ogre!
The bolt burns the two-headed ogre.
The two-headed ogre is almost dead.
The two-headed ogre hits you with a great mace of flaming.
* * * LOW HITPOINT WARNING * * *
The two-headed ogre hits you with a giant club of flaming!
* * * LOW HITPOINT WARNING * * *
The two-headed ogre burns you.
You die...

..#.....#(..#≈≈≈≈
..#######...#≈≈§≈
...'!$.$$'...#≈≈§
...#..≈).#...#≈§§
...#8≈≈≈8#(..#
#..'..≈..'(.#
#..'.(((÷((.#≈≈
≈##.#8..)8#.##≈≈
§≈###...O@###≈≈≈
§§§≈§.....§≈≈≈≈#
≈§§≈≈8...8≈§≈≈##
≈≈≈≈≈.....§§###
##≈≈≈.....≈≈#
#≈≈≈8...8≈##
####.....##
#.....# #8...8#


You could see a two-headed ogre.

Vanquished Creatures
  A reaper (IceCv)
  An ogre mage (Volcano)
  A hydra (Lair:1)
  9 two-headed ogres
  A hell knight (Volcano)
  Pikel (D:8)
  An orc knight (Orc:1)
  A manticore (D:11)
  An orc sorcerer (Orc:2)
  2 cyclopes (D:11)
  Maurice (D:8)
  2 ice statues (IceCv)
  A gargoyle (D:10)
  2 rime drakes (Lair:3)
  2 spiny frogs (Lair:3)
  3 komodo dragons
  A kobold demonologist (D:10)
  12 ice devils (IceCv)
  A troll (Orc:1)
  5 polar bears
  4 hippogriffs
  A shadow (D:10)
  4 water elementals (D:10)
  17 yaks
  A vampire (D:10)
  3 wyverns
  2 basilisks
  A hungry ghost (D:9)
  4 vampire mosquitoes (Lair:2)
  5 water moccasins
  A soldier ant (D:11)
  4 porcupines
  Duvessa (D:4)
  Purgy (Sewer)
  19 orc warriors
  3 slaves (D:8)
  An ice beast (D:9)
  6 sky beasts
  2 black bears (Lair:3)
  3 phantoms
  12 ogres
  A necrophage (D:3)
  4 centaurs
  7 crocodiles
  A big kobold (D:7)
  9 bullfrogs
  A wyvern zombie (D:9)
  Dowan (D:4)
  A water moccasin skeleton (D:8)
  2 scorpions
  2 howler monkeys
  2 electric eels (D:10)
  4 crimson imps
  A bullfrog zombie (D:6)
  A jelly (D:11)
  A quasit (D:8)
  A gnoll shaman (Orc:1)
  5 hounds
  14 orc priests
  3 centaur skeletons
  2 bullfrog skeletons
  5 iguanas
  17 orc wizards
  7 worker ants
  A big kobold zombie (Ossuary)
  A hound zombie (D:11)
  2 hound skeletons
  8 mummies (Ossuary)
  8 adders
  13 gnolls
  A howler monkey skeleton (D:6)
  4 shadow imps
  6 white imps (IceCv)
  2 oozes (D:1)
  5 ufetubi (IceCv)
  An adder skeleton (D:5)
  3 worms
  2 dart slugs
  5 leopard geckos
  60 orcs
  A ball python (D:5)
  5 giant cockroaches
  3 gnoll zombies (Ossuary)
  9 goblins
  5 hobgoblins
  2 jackals (D:7)
  10 bats
  8 frilled lizards
  3 goblin zombies
  4 hobgoblin zombies
  10 kobolds
  2 kobold zombies (Ossuary)
  A leopard gecko skeleton (D:6)
  2 orc skeletons (D:6)
  2 orc zombies
  3 quokka skeletons
  A quokka zombie (D:5)
  5 rats
  A fungus (D:3)
435 creatures vanquished.

Vanquished Creatures (others)
  An orc wizard (D:9)
  A white imp (IceCv)
  6 ufetubi (IceCv)
  4 orcs (D:8)
  2 fungi (D:11)
  3 plants (D:11)
17 creatures vanquished.

Grand Total: 452 creatures vanquished

Notes
Turn   | Place    | Note
-------+----------+-------------------------------------------
     0 | D:1      | Amnesiac the Mummy Arcane Marksman began the quest for the
                  | Orb.
     0 | D:1      | Reached XP level 1. HP: 15/15 MP: 2/2
    83 | D:1      | Reached skill level 2 in Crossbows
   327 | D:1      | Reached XP level 2. HP: 19/21 MP: 4/4
   792 | D:1      | Reached XP level 3. HP: 27/27 MP: 5/5
  1218 | D:2      | Found a sparkling altar of Nemelex Xobeh.
  1219 | D:2      | Found a hide-covered altar of Uskayaw.
  1462 | D:2      | Reached skill level 3 in Crossbows
  1802 | D:3      | Reached XP level 4. HP: 21/34 MP: 6/6
  2312 | D:3      | Found a white marble altar of Elyvilon.
  2315 | D:3      | Found a basalt altar of Yredelemnul.
  2319 | D:3      | Found a bloodstained altar of Trog.
  2430 | D:3      | Found a radiant altar of Vehumet.
  2514 | D:3      | You fall through a shaft for 2 floors!
  2514 | D:5      | Entered Level 5 of the Dungeon
  2514 | D:5      | Noticed an ogre
  2517 | D:5      | Killed an ogre
  2517 | D:5      | Reached XP level 5. HP: 33/39 MP: 7/7
  2635 | D:5      | Reached XP level 6. HP: 44/46 MP: 8/8
  2642 | D:5      | Noticed a sky beast
  2665 | D:5      | Killed a sky beast
  2727 | D:5      | Found a sand-covered staircase.
  2734 | Ossuary  | Entered an ossuary
  3038 | D:5      | Found a transporter.
  3052 | D:5      | Found a transporter.
  3057 | D:5      | Noticed an orc warrior
  3086 | D:5      | Killed an orc warrior
  3086 | D:5      | Reached skill level 4 in Crossbows
  3086 | D:5      | Reached XP level 7. HP: 30/52 MP: 10/10
  3172 | D:5      | Found a glowing drain.
  3181 | Sewer    | Entered a sewer
  3343 | Sewer    | Noticed Purgy
  3362 | Sewer    | Killed Purgy
  3632 | D:5      | Reached skill level 5 in Crossbows
  3821 | D:5      | Got a translucent longbow
  4014 | D:4      | Found a blossoming altar of Fedhas.
  4080 | D:4      | Noticed Duvessa
  4080 | D:4      | Noticed Dowan
  4112 | D:4      | Killed Duvessa
  4112 | D:4      | Reached XP level 8. HP: 36/61 MP: 11/11
  4112 | D:4      | Killed Dowan
  4585 | D:3      | Reached skill level 6 in Crossbows
  4658 | D:4      | Reached skill level 5 in Fighting
  4663 | D:4      | Identified the cursed +1 longbow of Impermanence {venom,
                  | +Inv rPois MR+ Int-3} (You found it on level 5 of the
                  | Dungeon)
  5514 | D:5      | Reached skill level 7 in Crossbows
  5696 | D:6      | Found a glowing golden altar of the Shining One.
  5790 | D:6      | Found a burning altar of Makhleb.
  5793 | D:6      | Found a glowing silver altar of Zin.
  5793 | D:6      | Noticed an angel
  5794 | D:6      | Noticed a blizzard demon
  5839 | D:6      | Reached XP level 9. HP: 69/69 MP: 12/12
  6148 | D:6      | Found a staircase to the Ecumenical Temple.
  6167 | Temple   | Entered the Ecumenical Temple
  6470 | Temple   | Became a worshipper of Warmaster Okawaru
  6587 | D:6      | Reached skill level 8 in Crossbows
  7025 | D:7      | Found a sacrificial altar of Ru.
  7280 | D:7      | Reached * piety under Okawaru
  7462 | D:7      | Reached skill level 9 in Crossbows
  7881 | D:8      | Reached ** piety under Okawaru
  7881 | D:8      | Reached skill level 1 in Invocations
  7974 | D:8      | Found a white marble altar of Elyvilon.
  8011 | D:8      | Noticed Maurice
  8094 | D:8      | Reached XP level 10. HP: 80/80 MP: 13/13
  8175 | D:8      | Noticed Pikel
  8198 | D:8      | Killed Pikel
  8498 | D:8      | Noticed a two-headed ogre
  8505 | D:8      | Killed a two-headed ogre
  8505 | D:8      | Reached *** piety under Okawaru
  8552 | D:8      | Found an opulent altar of Gozag.
  8626 | D:8      | Killed Maurice
  8626 | D:8      | Reached skill level 10 in Crossbows
  8697 | D:8      | Found a white marble altar of Elyvilon.
  9069 | D:8      | Found an opulent altar of Gozag.
  9368 | D:9      | Reached **** piety under Okawaru
  9429 | D:9      | Received a gift from Okawaru
  9504 | D:9      | You fall through a shaft!
  9504 | D:10     | Entered Level 10 of the Dungeon
  9830 | D:10     | Noticed a gargoyle
  9961 | D:9      | Reached XP level 11. HP: 75/89 MP: 14/14
 10188 | D:9      | Found a runed door.
 10194 | D:9      | Found the +10 large shield of Ignorance {rN+ Int-4}
 10206 | D:9      | Found a runed door.
 10354 | D:9      | Noticed an orange crystal statue
 10540 | D:10     | Learned a level 3 spell: Portal Projectile
 10545 | D:10     | Learned a level 4 spell: Cause Fear
 10549 | D:10     | Learned a level 3 spell: Mephitic Cloud
 10552 | D:10     | Learned a level 2 spell: Poisonous Vapours
 10789 | D:10     | Reached ***** piety under Okawaru
 10789 | D:10     | Reached skill level 11 in Crossbows
 10972 | D:10     | Found a staircase to the Orcish Mines.
 10986 | Orc:1    | Entered Level 1 of the Orcish Mines
 11110 | Orc:1    | Found a roughly hewn altar of Beogh.
 11246 | Orc:2    | Entered Level 2 of the Orcish Mines
 11251 | Orc:2    | Noticed an orc sorcerer
 11253 | Orc:2    | Reached skill level 5 in Invocations
 11311 | Orc:2    | Killed an orc sorcerer
 11311 | Orc:2    | Received a gift from Okawaru
 11325 | Orc:2    | Noticed an orc knight
 11430 | Orc:1    | Killed an orc knight
 11559 | Orc:2    | Found a frozen archway.
 11631 | Orc:2    | Noticed a two-headed ogre
 11649 | IceCv    | Entered an ice cave
 11956 | IceCv    | Noticed a reaper
 12234 | IceCv    | Reached skill level 5 in Spellcasting
 12253 | IceCv    | Reached skill level 10 in Fighting
 12447 | IceCv    | Killed a reaper
 12447 | IceCv    | Reached XP level 12. HP: 97/97 MP: 12/19
 12613 | Orc:2    | Noticed a two-headed ogre
 12622 | Orc:2    | Noticed a two-headed ogre
 12622 | Orc:2    | Noticed a two-headed ogre
 12627 | Orc:2    | Noticed an ogre mage
 12781 | D:11     | Found a staircase to the Lair.
 13083 | D:11     | Noticed a two-headed ogre
 13250 | D:10     | Reached skill level 12 in Crossbows
 13382 | D:11     | Noticed a two-headed ogre
 13509 | D:11     | Noticed a two-headed ogre
 13618 | D:10     | Killed a two-headed ogre
 13696 | D:10     | Received a gift from Okawaru
 13760 | D:10     | Killed a two-headed ogre
 14195 | D:11     | Received a gift from Okawaru
 14327 | D:11     | Killed a two-headed ogre
 14600 | Lair:1   | Entered Level 1 of the Lair of Beasts
 14971 | Lair:1   | Received a gift from Okawaru
 15027 | Lair:1   | Noticed a four-headed hydra
 15033 | Lair:1   | Killed a four-headed hydra
 15306 | Lair:2   | Got a pair of warped boots
 15384 | Lair:2   | Received a gift from Okawaru
 15556 | Lair:2   | Found a staircase to the Swamp.
 16095 | Lair:3   | Gained mutation: You are in touch with the powers of death.
                  | [Mummy growth]
 16095 | Lair:3   | Reached XP level 13. HP: 95/106 MP: 24/24
 16382 | Lair:3   | Reached skill level 13 in Crossbows
 16388 | Lair:3   | Got an ancient hand axe
 16390 | Lair:3   | Found a dark tunnel.
 16396 | Volcano  | Entered a volcano
 16419 | Volcano  | Found a bloodstained altar of Trog.
 16425 | Volcano  | Received a gift from Okawaru
 16547 | Volcano  | Received a gift from Okawaru
 16700 | Volcano  | HP: 2/106 [two-headed ogre/great mace of flaming (10)]
 16700 | Volcano  | Slain by a two-headed ogre

Vault maps used:
D:1:      roderic_crossed_star, serial_glass, glass_columns_a, glass_columns_a,
          feat_on_display, feat_on_display
D:2:      gammafunk_temple_overflow_statue, first_ration, serial_park_tiny_1
D:3:      minitemple, old_standard_altar, minmay_gold_behind_fungi
D:4:      nicolae_overflow_hidden_temple, uniq_duvessa
D:5:      gammafunk_wand_slinger, portal_sewer_entry_a, enter_ossuary_4
D:6:      grunt_temple_overflow_order_and_chaos_2, minmay_temple_entry_trees,
          st_stairs_10, nicolae_tso_besieged_by_evil
D:7:      lemuel_doored_altar, grunt_ogre_cave
D:8:      basic_altar, nicolae_gozag_cash_rules_everything_around_me,
          uniq_maurice, uniq_pikel
D:9:      lemuel_flame_loot_2, chequers_guarded_unrand_ignorance
D:10:     erik_orc_2, minmay_misc_feat_pillars, nicolae_underground_beach
D:11:     minmay_lair_entry_grove
Temple:   minmay_temple_forest_path
Lair:1:   st_stairs_6, serial_bayou_pond_e
Lair:2:   minmay_swamp_entry_swarm, minivault_26
Lair:3:   beast_lair_carwin_large_2, nicolae_volcano_entry_s_turn,
          serial_bayou_shore_a
Orc:1:    basic_altar, uniq_josephine
Orc:2:    st_orc_ogre_mass, basic_altar, portal_ice_cave_entry_pillars_1
Sewer:    sewer_big_baddie
Ossuary:  ossuary_tomb_3
IceCv:    ice_cave_small_demon
Volcano:  kennysheep_volcano_temple

Skill      XL: |  1  2  3  4  5  6  7  8  9 10 11 12 13 |
---------------+----------------------------------------+-----
Crossbows      | 2 3 4 5 7 9 10 11 12 13 | 13.2
Fighting       | 2 3 4 6 7 9 10 11 | 11.3
Evocations     | 2 3 4 |  4.0
Hexes          | 3 |  3.0
Invocations    | 1 4 6 7 |  7.9
Spellcasting   | 5 7 8 |  8.0
Dodging        | |  1.5

Action                   |  1- 3 |  4- 6 |  7- 9 | 10-12 | 13-15 || total
-------------------------+-------+-------+-------+-------+-------++-------
Melee: Dagger            |   111 |   109 |   262 |     7 |       ||   489
       Short sword       |    14 |       |       |       |       ||    14
 Fire: Hand crossbow     |    14 |    71 |     7 |   294 |       ||   386
       Longbow           |       |       |   246 |   554 |       ||   800
       Triple crossbow   |       |       |       |    39 |    51 ||    90
       Arbalest          |       |       |       |    33 |       ||    33
Invok: Heroism           |       |       |       |     9 |     2 ||    11
       Finesse           |       |       |       |     4 |     1 ||     5
Evoke: Wand              |       |     3 |     3 |       |       ||     6
  Use: Scroll            |     4 |     2 |     8 |    13 |     1 ||    28
 Stab: Sleeping          |     1 |       |       |       |       ||     1
Armor: Robe              |    11 |       |       |       |       ||    11
       Scale mail        |    22 |    42 |     2 |       |       ||    66
       Plate armour      |       |       |    53 |   226 |       ||   279
       Troll leather arm |       |       |   117 |   135 |       ||   252
       Chain mail        |       |       |       |    52 |    29 ||    81
Dodge: Dodged            |    84 |    56 |   221 |   665 |    37 ||  1063

Table legend:
 A = Non-vault XP
 B = Vault XP
 C = Vault XP percentage of total XP
 D = Non-vault monster count
 E = Vault monster count
 F = Vault count percentage of total count
                 A         B        C        D         E       F
            +---------+---------+-------+---------+---------+-------
      Total |   26225 |   19791 |  43.0 |     306 |     125 |  29.0
            +---------+---------+-------+---------+---------+-------
        D:1 |      49 |       0 |   0.0 |      24 |       0 |   0.0
        D:2 |      46 |       0 |   0.0 |      16 |       0 |   0.0
        D:3 |     275 |       0 |   0.0 |      18 |       0 |   0.0
        D:4 |     515 |     223 |  30.2 |      20 |       2 |   9.1
        D:5 |     908 |     107 |  10.5 |      21 |       6 |  22.2
        D:6 |    1095 |     179 |  14.1 |      25 |      12 |  32.4
        D:7 |    1088 |     118 |   9.8 |      30 |       1 |   3.2
        D:8 |    2140 |    1113 |  34.2 |      24 |       2 |   7.7
        D:9 |    2285 |       0 |   0.0 |      21 |       0 |   0.0
       D:10 |    6764 |    3013 |  30.8 |      40 |      32 |  44.4
       D:11 |    2406 |    1343 |  35.8 |      11 |       4 |  26.7
     Lair:1 |    2052 |       0 |   0.0 |       7 |       0 |   0.0
     Lair:2 |     746 |     694 |  48.2 |       4 |       4 |  50.0
     Lair:3 |    2818 |    1408 |  33.3 |      11 |       6 |  35.3
      Orc:1 |    1583 |       0 |   0.0 |      15 |       0 |   0.0
      Orc:2 |    1455 |     122 |   7.7 |      19 |       1 |   5.0
      Sewer |       0 |     143 | 100.0 |       0 |       6 | 100.0
    Ossuary |       0 |     176 | 100.0 |       0 |      16 | 100.0
      IceCv |       0 |    5437 | 100.0 |       0 |      26 | 100.0
    Volcano |       0 |    5715 | 100.0 |       0 |       7 | 100.0
            +---------+---------+-------+---------+---------+-------
